 Dungeon Crawl Stone Soup version 0.27.1-34-g3ba077fa99 (webtiles) character file.

Game seed: 4082897860809576272

191 comborobin the Chopper (level 5, -1/45 HPs)
             Began as a Hill Orc Delver on Jan 6, 2022.
             Slain by an ufetubus (4 damage)
             ... on level 6 of the Dungeon.
             The game lasted 00:01:36 (607 turns).

comborobin the Chopper (Hill Orc Delver)             Turns: 607, Time: 00:01:37

Health: -1/45      AC:  6    Str: 16    XL:     5   Next: 70%
Magic:  5/5        EV: 10    Int: 10    God:
Gold:   46         SH:  0    Dex: 12    Spells: 4/4 levels left

rFire    . . .     SeeInvis .   k - +2 short sword (flame)
rCold    . . .     Faith    .   (no shield)
rNeg     . . .     Spirit   .   p - +0 ring mail
rPois    .         Reflect  .   m - +0 helmet
rElec    .         Harm     .   (no cloak)
rCorr    .         Rampage  .   (no gloves)
Will     .....                  (no boots)
Stlth    ++........             (no amulet)
HPRegen  0.15/turn              (no ring)
MPRegen  0.09/turn              (no ring)

@: hasted (expiring), very quick
A: no striking features
a: no special abilities


You were on level 6 of the Dungeon.
You visited 1 branch of the dungeon, and saw 5 of its levels.

You collected 46 gold pieces.

Inventory:

Hand Weapons
 a - a +0 hand axe
 k - a +2 short sword of flaming (weapon)
Missiles
 f - 4 poisoned darts (quivered)
Armour
 b - a +0 leather armour
 m - a +0 helmet (worn)
 p - a +0 ring mail (worn)
Wands
 g - a wand of digging (3)
 r - a wand of iceblast (6)
Scrolls
 c - a scroll of fog
 d - a scroll of silence {unknown}
 e - a scroll of fear
 h - 3 scrolls of teleportation {unknown}
 n - 2 scrolls of identify {unknown}
Potions
 i - a potion of curing {unknown}
 j - a potion of mutation {unknown}
 l - a potion of heal wounds {unknown}
 q - a potion of resistance {unknown}


   Skills:
 - Level 3.6 Fighting
 + Level 7.6 Axes
 - Level 1.5 Dodging
 - Level 4.1 Stealth


You had 4 spell levels left.
You didn't know any spells.
Your spell library was empty.

Dungeon Overview and Level Annotations

Branches:
Dungeon (9/15)               Lair (0/6) D:8
 Temple: D:4-7          Orc: D:9-12

Altars:


Message History

You have reached level 3!
Your experience leads to an increase in your attributes!
Increase (S)trength, (I)ntelligence, or (D)exterity?
You feel stronger.
You have reached level 4!
You have reached level 5!
You feel stronger.
Key pressed, stopping explore.
Something unseen opens the door.
An ufetubus comes into view.
You are too injured to fight recklessly!
You are too injured to fight recklessly!
You are too injured to fight recklessly!
You are too injured to fight recklessly!
Throw: 6 darts (poison)
Press: ? - help, Q - select action, (/) - cycle Shift-Dir - straight line, f - ufetubus
Aim: an ufetubus (wandering, hasn't noticed you, 38% to hit)
You throw a poisoned dart. The poisoned dart misses the ufetubus.
The ufetubus shouts!
Unknown command.
Throw: 5 darts (poison)
Press: ? - help, Q - select action, (/) - cycle Shift-Dir - straight line, f/p - ufetubus
Aim: an ufetubus (38% to hit)
You throw a poisoned dart.
The poisoned dart closely misses the ufetubus.
Unknown command.
You barely miss the ufetubus.
Your extra speed is starting to run out.
The ufetubus hits you.
* * * LOW HITPOINT WARNING * * *
The ufetubus closely misses you.
You barely miss the ufetubus.
The ufetubus hits you but does no damage.
The ufetubus hits you.
* * * LOW HITPOINT WARNING * * *
You closely miss the ufetubus. The ufetubus hits you.
* * * LOW HITPOINT WARNING * * *
The ufetubus hits you but does no damage.
The ufetubus hits you.
You die...

#####.##.# #........#
.... #........# ...
#........# ...
##'####### ..
#+###(###...####(#####
#..............(.....#
#...(.........5......#
#..>.((.((....@......#
#......(.............#
#########.....##.....#
########.....# ......#
......# ......#
########


You could see an ufetubus.

Vanquished Creatures
  Prince Ribbit (D:6)
1 creature vanquished.

Notes
Turn   | Place    | Note
-------+----------+-------------------------------------------
     0 | D:5      | comborobin the Hill Orc Delver began the quest for the Orb.
     0 | D:5      | Reached XP level 1. HP: 19/19 MP: 1/1
   300 | D:6      | Noticed a centaur
   303 | D:6      | Noticed a water moccasin
   491 | D:8      | Noticed a death yak
   492 | D:8      | Noticed a yak
   492 | D:8      | Noticed a yak
   492 | D:8      | Noticed a yak
   493 | D:8      | Noticed a yak
   521 | D:7      | Noticed a kobold brigand
   553 | D:6      | Noticed Prince Ribbit
   576 | D:6      | Killed Prince Ribbit
   577 | D:6      | Reached skill level 7 in Axes
   577 | D:6      | Reached XP level 2. HP: 4/26 MP: 2/2
   577 | D:6      | Reached XP level 3. HP: 5/31 MP: 3/3
   577 | D:6      | Reached XP level 4. HP: 6/39 MP: 4/4
   577 | D:6      | Reached XP level 5. HP: 7/45 MP: 5/5
   607 | D:6      | Slain by an ufetubus

Illustrated notes

Levels and vault maps discovered:
D:5:      layout_gridville, minmay_ruined_shrine, uniq_menkaure
D:6:      layout_gridville, minivault_24, uniq_prince_ribbit1
D:7:      layout_rooms, serial_shops, shop, serial_aquarium,
          aquarium_bridge_straight [aquarium_subvault_bridge,
          aquarium_subvault_balcony, aquarium_subvault_bridge,
          aquarium_subvault_wall], aquarium_bridge_square
          [aquarium_subvault_wall, aquarium_subvault_bridge,
          aquarium_subvault_bridge, aquarium_subvault_wall],
          aquarium_window_corridor_2, aquarium_window_fake,
          aquarium_window_corner, aquarium_view_2b, aquarium_pool_five,
          uniq_pikel
D:8:      layout_gridville, mainiacjoe_overflow_six_doors_small,
          dpeg_lair_monsters, nicolae_ossuary_entry_plus
D:9:      layout_loops_ring, erik_orc_3, minmay_splitting_lines, minivault_16,
          minmay_circle_x

Skill      XL: |  1 |
---------------+----+-----
Axes           | 7 |  7.6
Fighting       | |  3.6
Dodging        | |  1.5
Stealth        | |  4.1

Action                   |  1- 3 |  4- 6 || total
-------------------------+-------+-------++-------
Melee: Short sword       |       |     3 ||     3
Throw: Dart              |     9 |     2 ||    11
Evoke: Wand              |     2 |       ||     2
  Use: Potion            |     2 |       ||     2
       Scroll            |     1 |       ||     1
Armor: Ring mail         |       |     2 ||     2
Dodge: Dodged            |     2 |     1 ||     3
